 Dungeon Crawl Stone Soup version 0.23.2-33-g5129a83184 (webtiles) character file.

Game seed: 16553012731917909599

56 Lauz the Shield-Bearer (level 3, -1/24 HPs)
             Began as a Gargoyle Fighter on July 9, 2019.
             Killed by divine providence
             ... invoked by an orc priest
              (13 damage)
             ... on level 3 of the Dungeon.
             The game lasted 00:02:50 (1750 turns).

Lauz the Shield-Bearer (Gargoyle Fighter)           Turns: 1750, Time: 00:02:52

Health: -1/24      AC: 13    Str: 19    XL:     3   Next: 97%
Magic:  3/3        EV:  7    Int:  9    God:
Gold:   139        SH:  9    Dex:  9    Spells: 2/2 levels left

rFire    . . .     SeeInvis .   a - +0 flail
rCold    . . .     Gourm    .   c - +0 shield
rNeg     + . .     Faith    .   b - +0 scale mail
rPois    ∞         Spirit   .   l - +0 helmet
rElec    +         Reflect  .   (no cloak)
rCorr    .         Harm     .   g - +0 pair of gloves
MR       .....                  h - +0 pair of boots
Stlth    ..........             (no amulet)
HPRegen  0.08/turn              (no ring)
MPRegen  0.08/turn              (no ring)

@: no status effects
A: negative energy resistance 1, electricity resistance, unbreathing,
petrification resistance, rot immunity, AC +3
a: no special abilities


You were on level 3 of the Dungeon.
You were not hungry.

You visited 1 branch of the dungeon, and saw 3 of its levels.

You collected 139 gold pieces.

Inventory:

Hand Weapons
 a - a +0 flail (weapon)
Armour
 b - a +0 scale mail (worn)
 c - a +0 shield (worn)
 g - a +0 pair of gloves (worn)
 h - a +0 pair of boots (worn)
 l - a +0 helmet (worn)
Jewellery
 i - an uncursed amulet of faith
Scrolls
 j - a scroll of enchant armour {unknown}
 n - a scroll of remove curse {unknown}
 o - a scroll of amnesia {unknown}
 q - a scroll of magic mapping {unknown}
 s - a scroll of enchant weapon {unknown}
 t - a scroll of fog {unknown}
Potions
 d - 2 potions of might
 e - 2 potions of agility {unknown}
 k - a potion of cancellation {unknown}
 m - 2 potions of curing {unknown}
 p - a potion of flight {unknown}
Comestibles
 f - 4 rations
 r - 2 chunks of flesh


   Skills:
 + Level 3.7 Fighting
 + Level 2.6 Maces & Flails
 + Level 3.6 Armour
 + Level 0.4 Dodging
 + Level 3.9 Shields


You had 2 spell levels left.
You didn't know any spells.
Your spell library was empty.

Dungeon Overview and Level Annotations

Branches:
Dungeon (3/15)

Altars:


Innate Abilities, Weirdness & Mutations

You are resistant to torment.
Your stone body is resilient. (AC +3)
You are immune to poison.
You resist negative energy. (rN+)
You are resistant to electric shocks. (rElec)
You can survive without breathing.
You are immune to petrification.
You are immune to rotting.


Message History

The orc shouts!
The orc priest shouts!
An orc comes into view. It is wielding a +0 hand axe.
The orc shouts!
You closely miss the rat. You block the rat's attack.
The rat bites you but does no damage.
You barely miss the rat. You block the rat's attack.
The orc hits you but does no damage.
You hit the orc priest.
The orc priest is lightly wounded.
The orc priest calls down the wrath of Beogh upon you.
Beogh smites you!
Ouch! That really hurt!
You block the rat's attack.
You hit the orc priest.
The orc priest is lightly wounded.
The orc priest closely misses you.
The orc priest invokes the aid of Beogh against you.
Beogh smites you!
Ouch! That really hurt!
You die...

##.......###.#
..........##.#
......o...##.#
....#####o##.#
... #r.#.# #
##o#.# #.#.#
#o#.#######
#@#........
#.#.......(
#.#........
#..........
##........(
#..........
#..........
#....######
###....#


You could see an orc priest, 2 orcs and a rat.

Vanquished Creatures
  An adder (D:2)
  A worm (D:2)
  An orc (D:3)
  3 giant cockroaches
  3 hobgoblins (D:1)
  2 jackals (D:1)
  3 quokkas (D:2)
  5 bats
  3 frilled lizards (D:1)
  5 goblins
  10 kobolds
  7 rats
44 creatures vanquished.

Notes
Turn   | Place    | Note
-------+----------+-------------------------------------------
     0 | D:1      | Lauz the Gargoyle Fighter began the quest for the Orb.
     0 | D:1      | Reached XP level 1. HP: 14/14 MP: 1/1
    59 | D:1      | Reached XP level 2. HP: 6/19 MP: 2/2
   705 | D:1      | Reached XP level 3. HP: 23/24 MP: 3/3
  1750 | D:3      | Killed from afar by an orc priest

Action                   || total
-------------------------++-------
Melee: Flail             ||   176
  Eat: Chunk             ||     3
Armor: Scale mail        ||   115
Dodge: Dodged            ||    64
Block: Shield            ||   100
